AoeStats
← brentwinslow93

Arabia

510901706Analyzed
1v1 RM · 13h ago on Oct 3, 2026· 30m 36s· 2 players
Game mode
Random Map
Map size
Tiny (2 player)
Population
200
Speed
Normal
Resources
Standard
Victory
Conquest
Starting age
Dark Age
Ending age
Imperial Age
RankedLock teamsTeams togetherTeam positionsShared explorationLock speedFull tech treeHidden civsTurbo modeCheats
Victory
Defeat
🇨🇴 Khitans · Colombia
800
+17
🇺🇸 Mongols · United States
817
-41
djdiego104
6:40 Loom
10:42 Feudal Age
17:48 Forging
18:53 Double-Bit Axe
19:53 Scale Barding Armor
25:26 Castle Age
24:11 Gold Mining
24:07 Domestication
24:59 Fletching
26:15 Husbandry
27:46 Bow Saw
29:12 Town Watch
brentwinslow93
5:56 Loom
9:19 Feudal Age
10:16 Double-Bit Axe
22:03 Castle Age
21:41 Gold Mining
21:41 Horse Collar
24:58 Bow Saw
27:38 Scale Barding Armor
27:42 Heavy Plow
27:41 Stone Mining
Connection lost

Rejoining the realm…

Still unreachable

The connection could not be restored.

Session expired

The server has moved on; the page needs a fresh start.